[Event "Late-Titled-Tuesday-Blitz-January-16-2024"]
[Site "Chess.com"]
[Date "2024.01.16"]
[Round "7"]
[White "Kostukov_Alex"]
[Black "ATM622"]
[Result "0-1"]
[WhiteElo "2313"]
[BlackElo "2484"]
[TimeControl "180+1"]
[EndTime "15:16:24 PST"]
[Termination "ATM622 won on time"]

1. g3 c6 2. Bg2 g6 3. c4 d5 4. Nf3 Bg7 5. O-O Nf6 6. cxd5 cxd5 7. d4 O-O 8. Nc3 Nc6 9. Bf4 Bf5 10. Ne5 Rc8 11.
Nxc6 bxc6 12. Rc1 Nh5 13. Bg5 h6 14. Be3 Nf6 15. Na4 Ng4 16. Nc5 Nxe3 17. fxe3 e5 18. Qa4 Qg5 19. Rc3 exd4 20. exd4 Qd2 21. e3 Rfe8 22.
Qa3 Rxe3 23. Rxe3 Bxd4 24. Kh1 Qxe3 25. Nb3 Bb6 26. Qa6 Rf8 27. Qb7 Be4 28. Qe7 Bxg2+ 29.
Kxg2 Qxe7 0-1

[Event "Late-Titled-Tuesday-Blitz-January-16-2024"]
[Site "Chess.com"]
[Date "2024.01.16"]
[Round "7"]
[White "Walter_White_Poland"]
[Black "ValeriyGrinev"]
[Result "0-1"]
[WhiteElo "2335"]
[BlackElo "2543"]
[TimeControl "180+1"]
[EndTime "15:16:25 PST"]
[Termination "ValeriyGrinev won by checkmate"]

1. e4 c5 2. Nf3 Nc6 3. Nc3 e6 4. d4 cxd4 5. Nxd4 a6 6. Nxc6 bxc6 7. Bd3 d5 8. O-O Bd6 9. Re1 Ne7 10. Qg4 O-O 11.
e5 Bc5 12. Bg5 Qc7 13. h4 Kh8 14. h5 f6 15. exf6 gxf6 16. Bh6 Rf7 17. Bg6 e5 18. Qg3 Nf5 19. Bxf5 Bxf5 20. Re2 Rg8 21. Qh2 Bg4 22.
Rae1 Bxe2 23. Rxe2 Bd4 24. Qh4 Qd7 25. Kf1 Qg4 26.
Qxg4 Rxg4 27. Nd1 Rh4 28. c3 Rh1# 0-1

[Event "Late-Titled-Tuesday-Blitz-January-16-2024"]
[Site "Chess.com"]
[Date "2024.01.16"]
[Round "7"]
[White "LikeWater"]
[Black "AmanteDeMoi"]
[Result "1-0"]
[WhiteElo "2798"]
[BlackElo "2584"]
[TimeControl "180+1"]
[EndTime "15:16:26 PST"]
[Termination "LikeWater won on time"]

1. e4 g6 2. d4 Bg7 3. Nc3 c6 4. Nf3 d5 5. h3 dxe4 6. Nxe4 Nd7 7. Bd3 Ngf6 8. Ng3 O-O 9. O-O c5 10. Re1 cxd4 11. Nxd4 Nc5 12. Bf1 e5 13. Nb3 Qxd1 14. Rxd1 Nxb3 15. axb3 Be6 16. Be3 a6 17. Ra5 Rfc8 18.
c4 Rd8 19. Rxd8+ Rxd8 20. Rxe5 Ng4 21. Rxe6 fxe6 22. hxg4 Rd1 23. c5 Bxb2 24. f3 Be5 25. Ne4 Rb1 26. Nd2 Rb2 27. Bc4 Bc3 28. Ne4 Rb1+ 29. Kf2 Be1+ 30. Ke2 Kg7 31. Nd6 Bb4 32. Nxb7 Rb2+ 33. Kd3 Rxg2 34. c6 1-0

[Event "Late-Titled-Tuesday-Blitz-January-16-2024"]
[Site "Chess.com"]
[Date "2024.01.16"]
[Round "7"]
[White "MusicCityMaster"]
[Black "secretsuperstar7"]
[Result "0-1"]
[WhiteElo "2406"]
[BlackElo "2500"]
[TimeControl "180+1"]
[EndTime "15:16:27 PST"]
[Termination "secretsuperstar7 won by resignation"]

1. e4 c5 2. Nf3 Nc6 3. d3 g6 4. g3 Bg7 5. Bg2 Nf6 6. O-O O-O 7. Re1 d6 8. c3 Bd7 9. h3 Rc8 10. d4 cxd4 11. cxd4 Na5 12. Nc3 Nc4 13. b3 Qa5 14.
Qd3 Na3 15. Bb2 Nb5 16. Ne2 d5 17. exd5 Bf5 18. Qd2 Qxd2 19. Nxd2 Rc2 20. Nc4 Bd3 21. Nf4 Bxc4 22. bxc4 Rxb2 23. cxb5 Rxb5 24. Rxe7 Bh6 25. d6 Bxf4 26. gxf4 Rd8 27. Bxb7 Rxd6 28. a4 Rb4 29. d5 Kf8 30. Rc7 Ne8 31. Rc8 Rxb7 32. Re1 Re7 33. Rd1 Kg7 34. f5 Nf6 35. fxg6 hxg6 36. Rc5 Red7 0-1

[Event "Late-Titled-Tuesday-Blitz-January-16-2024"]
[Site "Chess.com"]
[Date "2024.01.16"]
[Round "7"]
[White "JaackCamel"]
[Black "laskakid"]
[Result "0-1"]
[WhiteElo "2140"]
[BlackElo "2315"]
[TimeControl "180+1"]
[EndTime "15:16:29 PST"]
[Termination "laskakid won on time"]

1. d4 d5 2. c4 e6 3. Nc3 c6 4. e4 dxe4 5. Nxe4 Bb4+ 6. Bd2 Qxd4 7. Bxb4 Qxe4+ 8. Be2 Na6 9. Bd6 Qxg2 10. Qd2 Nf6 11.
Bf3 Qg6 12. Ne2 e5 13. Rg1 Qf5 14. O-O-O Qxf3 15. Rxg7 Bg4 16. Bxe5 Ne4 17. Qd4 Qxe2 18. Rxg4 Qxg4 19. Bxh8 Nac5 20. Be5 Ne6 21. Qd7+ Kf8 22.
f4 Rd8 23. Qxd8+ Nxd8 24. Rxd8+ Ke7 0-1

[Event "Late-Titled-Tuesday-Blitz-January-16-2024"]
[Site "Chess.com"]
[Date "2024.01.16"]
[Round "7"]
[White "ahmedkandiliii"]
[Black "pr1105"]
[Result "0-1"]
[WhiteElo "2403"]
[BlackElo "2282"]
[TimeControl "180+1"]
[EndTime "15:16:31 PST"]
[Termination "pr1105 won by checkmate"]

1. e4 e5 2. Nf3 Nc6 3. Bb5 Nf6 4. Nc3 Bb4 5. O-O O-O 6. d3 d6 7. Ne2 Ne7 8. Bg5 Ng6 9. Ng3 h6 10. Bd2 Bc5 11. h3 c6 12. Bc4 d5 13. Bb3 Bb6 14.
exd5 cxd5 15. Re1 Re8 16. Bc3 Qd6 17. Qe2 e4 18. dxe4 Qxg3 19. Bxf6 Nf4 20. Qf1 Nxh3+ 21. Kh1 Nxf2+ 22. Kg1 Ng4+ 23. Kh1 Nxf6 24. exd5 Bg4 25. Rxe8+ Rxe8 26. Rd1 Bxf3 27. Qxf3 Re1+ 28. Rxe1 Qxe1+ 29.
Kh2 Qg1+ 30. Kh3 Qh1+ 31. Kg3 Qe1+ 32. Kh3 Bf2 33. d6 Qh1# 0-1

[Event "Late-Titled-Tuesday-Blitz-January-16-2024"]
[Site "Chess.com"]
[Date "2024.01.16"]
[Round "7"]
[White "aceontheturn"]
[Black "Petukhov_Dmitry"]
[Result "1-0"]
[WhiteElo "2759"]
[BlackElo "2549"]
[TimeControl "180+1"]
[EndTime "15:16:32 PST"]
[Termination "aceontheturn won by resignation"]

1. e4 c5 2. Nc3 d6 3. f4 Nc6 4.
Bb5 Bd7 5. Nf3 a6 6. Bxc6 Bxc6 7. d3 e6 8. O-O d5 9. Ne5 d4 10. Nxc6 bxc6 11. Na4 Nf6 12. b3 Nd7 13. Ba3 Be7 14.
Qh5 O-O 15. Rf3 g6 16. Qh6 f6 17.
f5 Ne5 18. Rh3 Rf7 19. fxe6 Rg7 20. Bxc5 g5 21. Rf1 Ng6 22. Rhf3 Ne5 23. Rxf6 Ng4 24. Qxg7+ Kxg7 25. Rf7+ Kg6 26. Rxe7 Qb8 27. g3 Qe5 28.
Rf5 Qb8 29. Bxd4 Qd8 30. Rg7+ Kh6 31. Rd7 Qa5 32. Rxa5 1-0

[Event "Late-Titled-Tuesday-Blitz-January-16-2024"]
[Site "Chess.com"]
[Date "2024.01.16"]
[Round "7"]
[White "EcosseKillie"]
[Black "thesupera12"]
[Result "0-1"]
[WhiteElo "2275"]
[BlackElo "2529"]
[TimeControl "180+1"]
[EndTime "15:16:33 PST"]
[Termination "thesupera12 won by resignation"]

1. d4 Nf6 2. Bg5 e6 3. e4 c5 4. d5 h6 5. Bxf6 Qxf6 6. Nc3 d6 7. Nf3 Be7 8. e5 dxe5 9. Qe2 O-O 10. O-O-O Bd6 11. Kb1 exd5 12. Nxd5 Qe6 13. Nf4 exf4 14. Qxe6 Bxe6 15. Rxd6 Nc6 16. Bb5 Rad8 17. Rxd8 Rxd8 18. Bxc6 bxc6 19. Ne5 Rd2 20. Rf1 Bf5 21. Nxc6 Kf8 22.
Nxa7 Rxc2 23. Ka1 Bd3 24. Rd1 Rxf2 25. a4 Bc2 26. Rd5 Rxg2 27. Nc6 g5 28. a5 f3 29.
Rxc5 f2 0-1

[Event "Late-Titled-Tuesday-Blitz-January-16-2024"]
[Site "Chess.com"]
[Date "2024.01.16"]
[Round "7"]
[White "nfds"]
[Black "ToddBryant"]
[Result "1-0"]
[WhiteElo "2485"]
[BlackElo "2303"]
[TimeControl "180+1"]
[EndTime "15:16:34 PST"]
[Termination "nfds won on time"]

1. Nf3 Nf6 2. b3 g6 3. Bb2 Bg7 4. e3 O-O 5. Be2 d6 6. d4 b6 7. O-O Bb7 8. a4 a5 9. Nbd2 Nbd7 10. Nc4 Re8 11. Re1 Ne4 12. Nfd2 Nxd2 13. Nxd2 e5 14. Bf3 Bxf3 15. Qxf3 exd4 16. Bxd4 Ne5 17. Bxe5 Bxe5 18. Rad1 Qf6 19. Qc6 Qe7 20. Nf3 Bf6 21. Rd5 Rad8 22. Red1 Qd7 23. Qc4 Re7 24. h3 Rde8 25. Qa6 Re4 26.
Qb7 h5 27. Rxd6 Qe7 28. Rd7 Qb4 29. Qxc7 R4e6 30. Rxf7 Bh8 31. Rh7 1-0

[Event "Late-Titled-Tuesday-Blitz-January-16-2024"]
[Site "Chess.com"]
[Date "2024.01.16"]
[Round "7"]
[White "Iuckyducky"]
[Black "guillembaches"]
[Result "0-1"]
[WhiteElo "2346"]
[BlackElo "2539"]
[TimeControl "180+1"]
[EndTime "15:16:37 PST"]
[Termination "guillembaches won on time"]

1. d4 d5 2. c4 e6 3. Nc3 a6 4.
e3 Nf6 5. Bd3 dxc4 6. Bxc4 b5 7.
Bd3 Bb7 8. f3 Be7 9. Nge2 Nbd7 10.
O-O c5 11. Kh1 Qb6 12. a4 b4 13. a5 Qc7 14. Nb1 c4 15. Bc2 b3 16. Bxb3 cxb3 17. Qxb3 O-O 18. Nbc3 Rab8 19. Qc2 Rfc8 20. e4 Bb4 21.
Bd2 Bxa5 22. Qd3 Bb6 23. Rac1 Qd8 24. Bg5 h6 25. Bh4 Qf8 26. e5 Nd5 27. Ne4 Rxc1 28.
Rxc1 Rc8 29. Rg1 Nb4 30. Qe3 Nxe5 31. Qf2 Ng6 0-1

[Event "Late-Titled-Tuesday-Blitz-January-16-2024"]
[Site "Chess.com"]
[Date "2024.01.16"]
[Round "7"]
[White "DavidGavrilescu18"]
[Black "jefferyx"]
[Result "0-1"]
[WhiteElo "2791"]
[BlackElo "3002"]
[TimeControl "180+1"]
[EndTime "15:16:39 PST"]
[Termination "jefferyx won by resignation"]

1. e4 e6 2. d4 d5 3. e5 c5 4. c3 Nc6 5. Nf3 cxd4 6. cxd4 Nge7 7. Na3 Nf5 8. Nc2 Qb6 9. Be2 Bd7 10. O-O Be7 11.
Rb1 a5 12. Kh1 Rc8 13. g4 Nh6 14. Rg1 Ng8 15. Be3 f6 16. Nce1 fxe5 17. Nxe5 Nf6 18. N1d3 Ne4 19. f3 Nxe5 20. Nxe5 Nd6 21. Rc1 Qxb2 22.
Rb1 Qxa2 23. Ra1 Qc2 24. Rxa5 Qxd1 25. Rxd1 Bc6 26. Rc1 O-O 27. Ra7 Bf6 28. Nxc6 Rxc6 29. Rxc6 bxc6 30. Rd7 Rd8 31. Rc7 Rc8 32. Rd7 Nb5 33.
Bxb5 cxb5 34. Rb7 Rc3 35. Bf4 Rxf3 36. Bd6 h6 37. Bc5 Rf4 38. Rxb5 Bxd4 0-1

[Event "Late-Titled-Tuesday-Blitz-January-16-2024"]
[Site "Chess.com"]
[Date "2024.01.16"]
[Round "7"]
[White "DarkAlekhine"]
[Black "scandalgod"]
[Result "0-1"]
[WhiteElo "2701"]
[BlackElo "2528"]
[TimeControl "180+1"]
[EndTime "15:16:39 PST"]
[Termination "scandalgod won by resignation"]

1. c4 e5 2. Nc3 Nc6 3. g3 Bc5 4. Bg2 d6 5. e3 a6 6. Nf3 Ba7 7.
O-O h5 8. h3 Be6 9. b3 h4 10.
g4 Qd7 11. d4 Bxg4 12. hxg4 h3 13. Bh1 O-O-O 14. d5 Qxg4+ 15. Kh2 Nce7 16. Rg1 Qd7 17. Ng5 Nf5 18. Bd2 Kb8 19. b4 Nf6 20. Qf3 Nh4 21. Qe2 Rh6 22. c5 Ng2 23. f3 Rdh8 24. Rab1 dxc5 25.
bxc5 Bxc5 26. Qxa6 Ng4+ 27. fxg4 Rxa6 28. Nge4 Bd6 29.
Nb5 Qxg4 30. Nbxd6 cxd6 31. Rb4 Qe2 32. Kg3 f5 0-1

[Event "Late-Titled-Tuesday-Blitz-January-16-2024"]
[Site "Chess.com"]
[Date "2024.01.16"]
[Round "7"]
[White "Smile2005"]
[Black "Mikhail_Golubev"]
[Result "1-0"]
[WhiteElo "2350"]
[BlackElo "2505"]
[TimeControl "180+1"]
[EndTime "15:16:39 PST"]
[Termination "Smile2005 won on time"]

1. e4 c5 2. Nf3 d6 3. Bb5+ Bd7 4. Bxd7+ Nxd7 5. O-O Ngf6 6. Qe2 e6 7. b3 g6 8. Bb2 Bg7 9. c4 O-O 10. Rd1 e5 11. Nc3 Nh5 12. Nd5 f5 13. d3 f4 14.
b4 b6 15. a4 Nhf6 16. a5 Nxd5 17. cxd5 cxb4 18. axb6 Qxb6 19. d4 a5 20. dxe5 dxe5 21. Rdc1 Rfc8 22. Ng5 Bh6 23. Qg4 Rxc1+ 24. Rxc1 Nf6 25.
Rc8+ Kg7 26. Bxe5 Rxc8 27. Qd7+ 1-0

[Event "Late-Titled-Tuesday-Blitz-January-16-2024"]
[Site "Chess.com"]
[Date "2024.01.16"]
[Round "7"]
[White "Rgoltsman"]
[Black "sansanathalia"]
[Result "1-0"]
[WhiteElo "2229"]
[BlackElo "2364"]
[TimeControl "180+1"]
[EndTime "15:16:39 PST"]
[Termination "Rgoltsman won by checkmate"]

1. e4 c5 2. Nf3 Nf6 3. d4 Nxe4 4. Bd3 d5 5. O-O Nc6 6. Re1 cxd4 7. Bxe4 dxe4 8. Rxe4 Qd5 9. Nc3 Qc5 10. Nxd4 g6 11.
Be3 Qa5 12. Nxc6 bxc6 13. Qd4 Rg8 14. Rd1 Bf5 15. Re5 Qc7 16. Qc5 e6 17. Nb5 Qb7 18.
Nd6+ Bxd6 19. Qxd6 Rc8 20. Bg5 Qb6 21. Qe7# 1-0

[Event "Late-Titled-Tuesday-Blitz-January-16-2024"]
[Site "Chess.com"]
[Date "2024.01.16"]
[Round "7"]
[White "Elsa167"]
[Black "Fh2411"]
[Result "1-0"]
[WhiteElo "2864"]
[BlackElo "2607"]
[TimeControl "180+1"]
[EndTime "15:16:40 PST"]
[Termination "Elsa167 won by resignation"]

1. d4 d5 2. c4 c6 3. cxd5 cxd5 4.
Bf4 Nc6 5. e3 Nf6 6. Nc3 a6 7.
Be2 Bf5 8. Nf3 e6 9. Qb3 Na5 10. Qa4+ Nc6 11. Ne5 Rc8 12. Nxc6 Rxc6 13. Bxa6 Qb6 14.
Bb5 Be7 15. Bxc6+ bxc6 16. Qa8+ Bd8 17. Qa3 Nd7 18. O-O f6 19. Bd6 Kf7 20. Na4 Qb5 21. Nc5 Nb6 22. Qa7+ Kg6 23. b3 h5 24. a4 Qe2 25.
Qa6 Qg4 26. f3 Qh4 27. Bg3 Qg5 28. Bf4 Qh4 29. a5 1-0

[Event "Late-Titled-Tuesday-Blitz-January-16-2024"]
[Site "Chess.com"]
[Date "2024.01.16"]
[Round "7"]
[White "Sic_Transit_GM"]
[Black "zverr1"]
[Result "1-0"]
[WhiteElo "2672"]
[BlackElo "2499"]
[TimeControl "180+1"]
[EndTime "15:16:45 PST"]
[Termination "Sic_Transit_GM won on time"]

1. g3 g6 2. Bg2 Bg7 3. e4 c5 4. d3 Nc6 5. f4 e6 6. c3 Nge7 7. Be3 b6 8. Nf3 d5 9. e5 Nf5 10. Bf2 O-O 11. O-O f6 12. d4 Ba6 13. Re1 fxe5 14. dxe5 Rc8 15. Ng5 Re8 16. Na3 h6 17. Nf3 Bb7 18. g4 Nfe7 19. Nb5 Rb8 20. Nd6 Rf8 21. Nxb7 Rxb7 22. Qd2 Rd7 23. Rad1 Na5 24.
b3 d4 25. cxd4 cxd4 26. Nxd4 Nec6 27. Nxc6 Rxd2 28. Nxd8 Rfxd8 29. Bf3 Bf8 30. Be3 R2d3 31. Kf2 Bb4 32. Rxd3 Bxe1+ 33. Ke2 Rxd3 34. Kxd3 Kf7 35. Be4 h5 36. h3 hxg4 37. hxg4 Kg7 38. g5 Kf7 39. Kc2 Kg7 40. a3 a6 41. Bxb6 Kf7 42.
Bd3 Kg7 43. Bxa6 Nc6 44. Be3 Ne7 45. Bd3 Nd5 46. Bc1 Ba5 47. Be4 Nc7 48. Be3 Na6 49. b4 Bc7 50. Kb3 Bd8 51. Kc4 Be7 52. Bc5 Bd8 53. Bd6 Bb6 54. b5 1-0

[Event "Late-Titled-Tuesday-Blitz-January-16-2024"]
[Site "Chess.com"]
[Date "2024.01.16"]
[Round "7"]
[White "sergeikim"]
[Black "momotaro77"]
[Result "0-1"]
[WhiteElo "2550"]
[BlackElo "2446"]
[TimeControl "180+1"]
[EndTime "15:16:45 PST"]
[Termination "momotaro77 won by resignation"]

1. d4 d5 2. c4 e6 3. Nc3 c5 4. e3 Nf6 5. Nf3 a6 6. a3 dxc4 7. Bxc4 b5 8. Ba2 Bb7 9. O-O Nbd7 10. Qe2 cxd4 11. exd4 Be7 12. Rd1 Nb6 13. Ne5 O-O 14.
Rd3 Nbd5 15. Rg3 g6 16. Bh6 Re8 17. Re1 Bf8 18. Bg5 Rc8 19. Ne4 Be7 20. Nc5 Ba8 21. Nxf7 Kxf7 22. Qxe6+ Kg7 23. Rge3 Bxc5 24. Bxf6+ Qxf6 25. Qxf6+ Nxf6 26. Rxe8 Rxe8 27. Rxe8 Nxe8 28. dxc5 Kf6 29.
b4 Ke5 30. Bg8 Nf6 31. Bf7 Bd5 32. Bxd5 Kxd5 33. f3 Kc4 34. Kf2 Kb3 35. c6 Nd5 36. g4 Kxa3 37. f4 Kxb4 38. f5 gxf5 39. gxf5 Kc5 40. f6 Nxf6 41. c7 Ne4+ 0-1

[Event "Late-Titled-Tuesday-Blitz-January-16-2024"]
[Site "Chess.com"]
[Date "2024.01.16"]
[Round "7"]
[White "RianKapriaga"]
[Black "OYAcosta"]
[Result "0-1"]
[WhiteElo "2348"]
[BlackElo "2146"]
[TimeControl "180+1"]
[EndTime "15:16:46 PST"]
[Termination "OYAcosta won on time"]

1. d4 c6 2. e4 d5 3. exd5 cxd5 4. c4 Nf6 5. Nc3 Nc6 6. Bg5 e6 7. Nf3 Be7 8. c5 O-O 9. Bb5 Ne4 10. Bf4 f5 11.
O-O Bd7 12. Bxc6 Bxc6 13. Qc2 Rc8 14. b4 Bf6 15. Be5 Be7 16. Nd2 Be8 17. f3 Ng5 18. a4 Nf7 19. Bg3 g5 20. Rfe1 Bd7 21. Qd3 Bf6 22.
Nb3 Re8 23. Re2 Qe7 24. Rae1 Qf8 25. h3 Qg7 26. Bf2 h5 27. Kf1 g4 28. fxg4 fxg4 29. Kg1 Ng5 30. hxg4 hxg4 31. Bg3 Re7 32. Be5 Nf7 33.
Bxf6 Qxf6 34. Rf1 Qg7 35. Ref2 Ng5 36. Re2 e5 0-1

[Event "Late-Titled-Tuesday-Blitz-January-16-2024"]
[Site "Chess.com"]
[Date "2024.01.16"]
[Round "7"]
[White "MKlose11"]
[Black "Durarbayli"]
[Result "1-0"]
[WhiteElo "2652"]
[BlackElo "2848"]
[TimeControl "180+1"]
[EndTime "15:16:47 PST"]
[Termination "MKlose11 won on time"]

1. e4 c5 2. Nc3 d6 3. d3 g6 4. g3 Bg7 5. Bg2 Nc6 6. Be3 Rb8 7.
Qd2 b5 8. Nge2 b4 9. Nd1 Nf6 10.
h3 O-O 11. Bh6 a5 12. Bxg7 Kxg7 13. Ne3 Nd4 14. f4 a4 15. O-O e6 16. g4 Bb7 17. f5 exf5 18. gxf5 Nh5 19. Nxd4 cxd4 20. Ng4 Bc8 21. Qh6+ Kg8 22. Rf2 b3 23. cxb3 axb3 24. a3 Ba6 25. Raf1 Bxd3 26. fxg6 hxg6 27. Rd1 Bc4 28. Rxd4 Be6 29. e5 Bxg4 30. Rxg4 Ng7 31. Rxg6 fxg6 32. Bd5+ Rf7 33. Rxf7 Qb6+ 34. Rf2+ 1-0

[Event "Late-Titled-Tuesday-Blitz-January-16-2024"]
[Site "Chess.com"]
[Date "2024.01.16"]
[Round "7"]
[White "Goryachkina"]
[Black "RichardLeyvaP"]
[Result "1-0"]
[WhiteElo "2690"]
[BlackElo "2527"]
[TimeControl "180+1"]
[EndTime "15:16:47 PST"]
[Termination "Goryachkina won on time"]

1. e4 e5 2. Nf3 Nc6 3. Bc4 Nf6 4. d3 Bc5 5. c3 a6 6. Nbd2 Ba7 7. h3 d6 8. Bb3 O-O 9. Nf1 Be6 10. Bc2 d5 11. Qe2 b5 12. Ng3 dxe4 13.
dxe4 Bc4 14. Qd2 Qxd2+ 15. Bxd2 Nd7 16. b3 Be6 17. Ng5 Nc5 18. b4 Na4 19. Nxe6 fxe6 20. f3 Nb6 21. Bb3 Kf7 22. Ke2 Rfd8 23. Rhd1 Ne7 24. a4 bxa4 25. Bxa4 Nc4 26. Bb3 Nxd2 27. Rxd2 Rxd2+ 28. Kxd2 Bb6 29. Nf1 a5 30. bxa5 1-0

[Event "Late-Titled-Tuesday-Blitz-January-16-2024"]
[Site "Chess.com"]
[Date "2024.01.16"]
[Round "7"]
[White "LevonAronian"]
[Black "SchmakAttack"]
[Result "1-0"]
[WhiteElo "3091"]
[BlackElo "2743"]
[TimeControl "180+1"]
[EndTime "15:16:51 PST"]
[Termination "LevonAronian won by resignation"]

1. e4 e6 2. d4 d5 3. e5 c5 4. c3 Nc6 5. Nf3 Qb6 6. a3 c4 7.
Be2 Na5 8. Nbd2 Bd7 9. O-O Ne7 10. Re1 h6 11. Rb1 Qc7 12. Nf1 Nb3 13. Bf4 Ba4 14.
Ng3 O-O-O 15. Bf1 Kb8 16. Nd2 Nc8 17. Nxb3 Bxb3 18. Qf3 Nb6 19. Re2 Na4 20. Nh5 Ka8 21.
h4 Rg8 22. g4 Be7 23. Bg3 Rdf8 24. Bh3 Qd8 25. Qe3 Bxh4 26. Bxh4 Qxh4 27. f4 f5 28. Rg2 fxg4 29. Bxg4 Bc2 30. Rf1 Bf5 31. Bxf5 Rxf5 32. Ng3 Rf7 33. f5 exf5 34. e6 Rf6 35. Nxf5 Qe4 36. Qxe4 dxe4 37. d5 Kb8 38. Rxg7 Rxg7+ 39. Nxg7 Rg6+ 40. Kh2 Rxg7 41. Rf8+ Kc7 42. Rf7+ 1-0

[Event "Late-Titled-Tuesday-Blitz-January-16-2024"]
[Site "Chess.com"]
[Date "2024.01.16"]
[Round "7"]
[White "maximnovik"]
[Black "mr_gustavo"]
[Result "0-1"]
[WhiteElo "2544"]
[BlackElo "2752"]
[TimeControl "180+1"]
[EndTime "15:16:53 PST"]
[Termination "mr_gustavo won by checkmate"]

1. e4 e6 2. d4 d5 3. e5 c5 4. c3 Bd7 5. Nf3 Nc6 6. Bd3 Qb6 7. O-O cxd4 8. Re1 Nge7 9. h4 h6 10. Nbd2 Nf5 11. Nb3 Be7 12. Bxf5 exf5 13. Nbxd4 Nxd4 14. Nxd4 O-O 15. Qh5 Bc5 16. Be3 Bxd4 17. Bxd4 Qe6 18.
Qf3 Rfc8 19. Rad1 a5 20. b3 b5 21. Rd2 b4 22. Rc1 a4 23. Rdc2 axb3 24. axb3 bxc3 25. Rxc3 Rxc3 26. Rxc3 Kh7 27. Rc7 Ra2 28. b4 Rd2 29.
Qe3 Rd1+ 30. Kh2 Bb5 31. f3 Rb1 32. Bc5 Rb2 33. h5 Bf1 34. Re7 Rxg2+ 35. Kh1 d4 36. Qe1 Qa2 37. Qxf1 Rh2+ 38. Kg1 Rxh5 39. e6 Qh2# 0-1

[Event "Late-Titled-Tuesday-Blitz-January-16-2024"]
[Site "Chess.com"]
[Date "2024.01.16"]
[Round "7"]
[White "tarno17"]
[Black "ikhasu"]
[Result "0-1"]
[WhiteElo "2167"]
[BlackElo "2404"]
[TimeControl "180+1"]
[EndTime "15:16:53 PST"]
[Termination "ikhasu won on time"]

1. e4 c5 2. d4 cxd4 3. Qxd4 Nc6 4. Qd3 g6 5. Nf3 Bg7 6. c3 d6 7. Nbd2 Nf6 8. Nb3 O-O 9. Be3 Ng4 10. Be2 Nxe3 11.
Qxe3 h6 12. O-O Bd7 13. Nbd4 a6 14. Rad1 Qa5 15. a3 Rac8 16. h3 Qb6 17. b4 Rfd8 18. a4 Nxd4 19. Nxd4 Bxa4 20. Ra1 Bd7 21. Rfc1 Rxc3 22.
Rxc3 Bxd4 23. Qf3 Bxc3 24. Qxc3 Rc8 25. Qd2 Kh7 26. Kh2 Be6 27. Ra3 Qc7 28. Qf4 Qc2 29. Bd3 Qb2 30. Ra5 Qxb4 31. Rd5 Bxd5 32. exd5 Qxf4+ 0-1

[Event "Late-Titled-Tuesday-Blitz-January-16-2024"]
[Site "Chess.com"]
[Date "2024.01.16"]
[Round "7"]
[White "Bauman_Guy"]
[Black "Agibileg"]
[Result "1-0"]
[WhiteElo "2901"]
[BlackElo "2682"]
[TimeControl "180+1"]
[EndTime "15:16:54 PST"]
[Termination "Bauman_Guy won by checkmate"]

1. e4 e5 2. Nf3 Nc6 3. Bb5 a6 4. Ba4 Nf6 5. O-O d6 6. c3 Bd7 7. Re1 g6 8. d3 Bg7 9. Nbd2 O-O 10. Nf1 Nh5 11. h3 Kh8 12. d4 f5 13. exf5 gxf5 14.
dxe5 dxe5 15. Nxe5 Nxe5 16. Bxd7 Qxd7 17. Qxh5 Nd3 18. Rd1 f4 19. Nh2 Rad8 20. Nf3 c5 21. c4 Qe6 22. Qxh7+ Kxh7 23. Ng5+ Kg6 24. Nxe6 Kf6 25.
Nxf8 Bxf8 26. Bxf4 b5 27. b3 Be7 28. Be3 Kf5 29. Rd2 Ke4 30. Rad1 Bf6 31. Bxc5 bxc4 32. bxc4 Bc3 33. Re2+ Kf5 34. Re3 Bd2 35. Rxd2 Rd5 36.
Rdxd3 a5 37. Rxd5+ Kf4 38. g3# 1-0

[Event "Late-Titled-Tuesday-Blitz-January-16-2024"]
[Site "Chess.com"]
[Date "2024.01.16"]
[Round "7"]
[White "vidavi"]
[Black "Grischuk"]
[Result "0-1"]
[WhiteElo "2511"]
[BlackElo "3062"]
[TimeControl "180+1"]
[EndTime "15:16:59 PST"]
[Termination "Grischuk won by resignation"]

1. Nf3 d5 2. d4 Bf5 3. c4 e6 4.
Nc3 Nf6 5. g3 Be7 6. Bg2 c6 7.
O-O Nbd7 8. Qb3 Qb6 9. cxd5 exd5 10. Qxb6 axb6 11. Bf4 h6 12. a3 b5 13. Nd2 g5 14.
Be3 Nb6 15. f3 Bg6 16. Bf2 g4 17. Be3 h5 18. Bf4 O-O 19. Bh1 Rfe8 20. e4 gxf3 21. e5 Ne4 22. Bxf3 Nxc3 23. bxc3 Rxa3 24. Rxa3 Bxa3 25. Nb3 Na4 26. Bd2 Bb2 27. Na5 Re7 28. Bd1 Bxc3 0-1

[Event "Late-Titled-Tuesday-Blitz-January-16-2024"]
[Site "Chess.com"]
[Date "2024.01.16"]
[Round "7"]
[White "dropstoneDP"]
[Black "Sargsyan_Shant"]
[Result "1-0"]
[WhiteElo "3017"]
[BlackElo "2882"]
[TimeControl "180+1"]
[EndTime "15:17:00 PST"]
[Termination "dropstoneDP won on time"]

1. e4 g6 2. d4 Bg7 3. Nf3 c6 4. h3 d6 5. a4 Nf6 6. Bd3 a5 7. O-O O-O 8. Re1 Nbd7 9. Nbd2 Qc7 10. b3 e5 11. dxe5 Nxe5 12. Nxe5 dxe5 13. Qf3 Rd8 14. Nc4 Nh5 15. Bg5 Re8 16. Rad1 Nf4 17. Bf1 Ne6 18. Be3 Nd4 19. Bxd4 exd4 20. e5 c5 21. Nd6 Rxe5 22.
Bc4 Be6 23. Bxe6 fxe6 24. Rxe5 Bxe5 25. Nc4 Bg7 26. Re1 Re8 27. h4 h5 28. Qe4 Kh7 29. g4 Kh6 30. gxh5 gxh5 31. Kh1 Qf7 32. Nd6 Qxf2 33. Nxe8 e5 34. Rg1 1-0

[Event "Late-Titled-Tuesday-Blitz-January-16-2024"]
[Site "Chess.com"]
[Date "2024.01.16"]
[Round "7"]
[White "NikoTheodorou"]
[Black "VladimirKramnik"]
[Result "0-1"]
[WhiteElo "3065"]
[BlackElo "2929"]
[TimeControl "180+1"]
[EndTime "15:17:03 PST"]
[Termination "VladimirKramnik won by resignation"]

1. e4 c5 2. Ke2 Nc6 3. d3 g6 4. c3 Bg7 5. g3 d5 6. Bg2 Nf6 7. Nd2 O-O 8. f3 e5 9. Nh3 c4 10. dxc4 dxe4 11. fxe4 Bg4+ 12. Nf3 Nxe4 13. Be3 Qc8 14. Qf1 Re8 15. Nf2 Nd4+ 16. cxd4 exd4 17. Nxg4 Qxg4 18. Bh3 Nxg3+ 19. Kf2 dxe3+ 20. Kg2 Qxh3+ 21. Kxh3 Nxf1 22. Rhxf1 Bxb2 23. Rab1 e2 24. Rh1 Bc3 25. Kg2 Rad8 26. Rhc1 e1=Q 27. Nxe1 Rxe1 28. Rxe1 Bxe1 29.
Rxe1 Rd2+ 30. Kg3 Rxa2 31. c5 Rc2 32. Re7 Rxc5 33. Rxb7 a5 34. Ra7 Kg7 35. h3 Rc3+ 36. Kg4 Rc4+ 37. Kg3 a4 38. Rb7 h5 39. Ra7 h4+ 40.
Kg2 g5 41. Kh2 Kg6 42. Ra5 Rc2+ 43. Kg1 Ra2 44. Kh1 a3 45. Kg1 Ra1+ 46. Kg2 a2 47. Ra6+ Kf5 48. Ra5+ Ke4 49. Ra7 f5 50. Ra4+ Ke3 51.
Ra8 f4 52. Ra3+ Kd4 53. Ra8 f3+ 54. Kh2 f2 55. Rd8+ Kc5 56. Rc8+ Kd5 57. Rd8+ Ke6 58. Rf8 Rh1+ 59. Kg2 f1=Q+ 0-1

[Event "Late-Titled-Tuesday-Blitz-January-16-2024"]
[Site "Chess.com"]
[Date "2024.01.16"]
[Round "7"]
[White "Angry_Twin"]
[Black "enriquetejedor"]
[Result "1-0"]
[WhiteElo "2981"]
[BlackElo "2761"]
[TimeControl "180+1"]
[EndTime "15:17:03 PST"]
[Termination "Angry_Twin won by resignation"]

1. e4 c6 2. Nf3 d5 3. d3 Bg4 4. h3 Bxf3 5. Qxf3 e6 6. g3 Bc5 7. Bg2 Nd7 8. O-O Ne7 9. Nd2 O-O 10. Qe2 a5 11. a4 Ba7 12. Kh1 Rc8 13. f4 Nc5 14. b3 Na6 15. Bb2 Nb4 16. c3 Na6 17. g4 Qd7 18. d4 c5 19. exd5 Nxd5 20. c4 Ndb4 21. d5 exd5 22. cxd5 Rfe8 23. Qc4 Rcd8 24. Ne4 f5 25. d6+ Kh8 26. Ng5 Rf8 27. Ne6 Rg8 28. Nxd8 Qxd8 29. g5 Qxd6 30. Rad1 Qg6 31. Rd7 Nc6 32.
Re1 Nab8 33. Rxb7 Nd4 34. Bxd4 cxd4 35. Rxa7 Qd6 36. Qxg8+ Kxg8 37. Re8+ 1-0